TKirby, lawful female human Monk ----------- |........<| |.....q...| |.....q@f.| -.......... -----.----- TKirby the Novice Experience level: 5 Strength: 13 Dexterity: 13 Constitution: 14 Intelligence: 12 Wisdom: 13 Charisma: 12 Health: 0(41) Energy: 29(29) Def: 6 Gold: 684 Moves: 2440 Dungeon seed: ZiqPGb6GWGCv3KXn Game ID: TKirby_1505236193 Your Inventory: Coins $ - 684 gold pieces Weapons E - a +0 katana (alternate weapon; not wielded) Armor e - a blessed +2 pair of leather gloves (being worn) n - an uncursed +1 robe (being worn) q - a blessed +2 pair of kicking boots Comestibles d - 5 uncursed food rations h - 2 uncursed fortune cookies w - 4 uncursed food rations F - 2 cursed eucalyptus leaves G - a cursed tripe ration Scrolls b - an uncursed scroll of teleportation j - a blessed scroll of destroy armor k - an uncursed scroll of light x - a blessed scroll of enchant armor D - a cursed scroll of magic mapping H - an uncursed scroll of blank paper Spellbooks a - a blessed spellbook of sleep Potions i - an uncursed potion of object detection l - a blessed potion of invisibility z - an uncursed potion of gain ability C - 2 cursed potions of invisibility I - an uncursed potion of levitation Rings m - an uncursed ring of slow digestion Gems r - an uncursed worthless piece of green glass Spells and supernatural/magical abilities: Name Level Category Fail Memory z - sleep 1 enchantment 0% 88% W - pray for help -- divine ? -- Your skills at the end: Fighting Skills martial arts [Basic] Weapon Skills Spellcasting Skills healing spells [Basic] Final Attributes: You were piously aligned. You were sleep resistant. You were poison resistant. You saw invisible. You were stealthy. You were fast. You are dead. Vanquished creatures: a ghost a small mimic a pony 2 fog clouds a shrieker a gnome lord an elf zombie a paper golem 2 little dogs a kitten a kobold lord a rothe 4 giant bats 2 iguanas 3 giant rats 2 yellow molds 2 gnome zombies 2 jackals a kobold 3 grid bugs a lichen a kobold zombie 6 newts 41 creatures vanquished. Voluntary challenges: You were vegetarian. You never hit with a wielded weapon. You read items or engraved 2 times, starting on turn 710. You never genocided any monsters. You never polymorphed an object. You never changed form. You used no wishes. You never split a pudding. You never wrote Elbereth's name. You never violated your personal moral code. Dungeon overview: The Dungeons of Doom: levels 1 to 7 Level 1 a fountain a long staircase Level 2 a fountain a long staircase Level 3 a delicatessen, some fountains Level 4 some fountains Level 5 Level 6 many fountains Level 7 <- You were here History has recorded: On T:1 you entered the Dungeons of Doom to retrieve the Amulet of Yendor! On T:339 you reached level 2 of The Dungeons of Doom. On T:657 you reached level 3 of The Dungeons of Doom. On T:881 you advanced to experience level 2. On T:1014 you advanced to experience level 3. On T:1082 you reached level 4 of The Dungeons of Doom. On T:1438 you reached level 5 of The Dungeons of Doom. On T:1447 you advanced to experience level 4. On T:1728 you advanced to experience level 5. On T:1982 you reached level 6 of The Dungeons of Doom. On T:2433 you reached level 7 of The Dungeons of Doom. Score breakdown: Gold: 684 ( 9646 points) Experience: 5 levels (11141 points) Exploration: 7 levels ( 13.73%) (10392 points) Discoveries: 1 item ( 0.36%) ( 1792 points) Valuables value: (no points given unless you survive) Artifact value: 0 ( 0 points) Variety of kills: 23 monsters ( 6.04%) ( 7370 points) Turncount: 2440 turns ( -294 points) Survival: died (score multiplied by 80%) Total score: 32037 Latest messages: You hit the rothe! The rothe hits! The rothe bites! The rothe misses. You miss the rothe. Maple bites the rothe. The rothe misses maple. (2x) The rothe bites maple. The rothe misses. The rothe bites! (2x) The rothe hits! The rothe misses. The rothe bites! You miss the rothe. The rothe misses. The rothe bites! The rothe misses. You hit the rothe. The rothe hits! The rothe bites! The rothe misses. The rothe just misses! The rothe bites! (2x) You die... Final status: Goodbye TKirby the Monk, killed by a rothe... You died in The Dungeons of Doom on dungeon level 7 with 32037 points, and 684 pieces of gold, after 2440 moves. You were level 5 with a maximum of 41 hit points when you died.